 Dungeon Crawl Stone Soup version 0.21.1-1-g345015f (webtiles) character file.

31999 Solrac the Bludgeoner (level 13, -2/127 HPs)
             Began as a Minotaur Berserker on Feb 19, 2018.
             Was an Elder of Trog.
             Blown up by an orb spider (12 damage)
             ... with a wavering orb of destruction
             ... on level 2 of the Spider Nest on Feb 20, 2018.
             The game lasted 01:22:05 (15941 turns).

Solrac the Bludgeoner (Minotaur Berserker)         Turns: 15941, Time: 01:22:06

Health: -2/127     AC: 16    Str: 26    XL:     13   Next: 29%
Magic:  12/12      EV: 16    Int:  8    God:    Trog [****..]
Gold:   668        SH:  0    Dex: 13    Spells: 12/12 levels left

rFire    . . .     SeeInvis .   P - +9 morningstar "Dampok" {venom, Int+4}
rCold    . . .     Gourm    .   (no shield)
rNeg     . . .     Faith    .   v - +0 plate armour
rPois    .         Spirit   .   (helmet restricted)
rElec    .         Reflect  .   (no cloak)
rCorr    .         Harm     .   (no gloves)
MR       .....                  i - +0 pair of boots
Stlth    ..........             (no amulet)
HPRegen  0.31/turn              o - +3 ring of evasion
MPRegen  0.13/turn              Z - +2 ring of strength

@: no status effects
A: retaliatory headbutt, horns 2
a: Berserk, Trog's Hand, Brothers in Arms, Burn Spellbooks, Renounce Religion


You were on level 2 of the Spider Nest.
You worshipped Trog.
Trog was greatly pleased with you.
You were not hungry.

You visited 3 branches of the dungeon, and saw 13 of its levels.
You also visited: Sewer and Ossuary.

You collected 744 gold pieces.
You spent 76 gold pieces at shops.

Inventory:

Hand Weapons
 L - a +2 antimagic great mace
 P - the +9 morningstar "Dampok" (weapon) {venom, Int+4}
   (You found it on level 8 of the Dungeon)

   It poisons the flesh of those it strikes.
   It affects your intelligence (+4).
 Y - a +5 antimagic dire flail
Missiles
 e - 446 stones (quivered)
 z - 8 exploding tomahawks
Armour
 i - a +0 pair of boots (worn)
 v - a +0 plate armour (worn)
Jewellery
 d - an uncursed ring of positive energy
 o - a +3 ring of evasion (left hand)
 s - an uncursed ring of flight
 u - an uncursed ring of ice
 J - an uncursed ring of protection from fire
 N - an uncursed ring of magical power
 T - an uncursed ring of protection from magic
 U - a +4 ring of intelligence
 Z - a +2 ring of strength (right hand)
Wands
 n - a wand of polymorph (21)
 w - a wand of iceblast (15)
 x - a wand of acid (23)
 B - a wand of flame (11)
 K - a wand of random effects (20)
Scrolls
 a - 3 scrolls of amnesia
 f - a scroll of vulnerability {unknown}
 j - 3 scrolls of enchant weapon
 k - 11 scrolls of teleportation
 q - a scroll of fog {unknown}
 y - a scroll of random uselessness {unknown}
 C - 2 scrolls of immolation
 D - 2 scrolls of enchant armour {unknown}
 E - a scroll of fear {unknown}
 G - 6 scrolls of remove curse
 I - a scroll of acquirement {unknown}
 O - 2 scrolls of magic mapping
 X - a scroll of blinking {unknown}
Potions
 b - a potion of ambrosia {unknown}
 g - 4 potions of mutation
 h - 4 potions of curing
 l - 2 potions of resistance
 m - 2 potions of agility
 p - 4 potions of flight
 r - 5 potions of brilliance
 t - 2 potions of lignification
 A - 3 potions of cancellation
 F - 2 potions of invisibility
 M - 3 potions of haste
 Q - a potion of magic {unknown}
 R - 2 potions of berserk rage {unknown}
 W - 2 potions of degeneration {unknown}
Miscellaneous
 S - a lamp of fire
Comestibles
 c - 24 rations


   Skills:
 * Level 15.2 Fighting
 + Level 15.8 Maces & Flails
 + Level 11.2 Armour
 + Level 10.4 Dodging


You had 12 spell levels left.
You didn't know any spells.

Dungeon Overview and Level Annotations

Branches:
Dungeon (9/15)             Temple (0/1) D:4            Lair (2/6) D:9
 Shoals (0/4) Lair:2       Spider (2/4) Lair:2
    Orc: D:9-12

Altars:
Ashenzari
Dithmenos
Elyvilon
Fedhas
Gozag
Hepliaklqana
Kikubaaqudgha
Okawaru
Sif Muna
Trog
Uskayaw
Vehumet
Yredelemnul
The Shining One

Shops:
D:9 *


Innate Abilities, Weirdness & Mutations

You reflexively headbutt those who attack you in melee.
You have a pair of horns on your head.


Message History

The orb spider weaves a glowing orb of energy.
The wavering orb of destruction weakly hits you!
* * * LOW HITPOINT WARNING * * *
The orb spider weaves a glowing orb of energy.
An orb of destruction comes into view.
You puncture the orb spider! You headbutt the orb spider!
The orb spider is severely wounded.
The wavering orb of destruction hits you!
* * * LOW HITPOINT WARNING * * *
Your plate armour prevents you from hitting the orb spider.
The orb spider is severely wounded.
You recover from your berserk rage.
The orb spider begins to weave its threads into a brightly glowing ball.
The orb spider pulsates with a strange energy.
You closely miss the orb spider.
The orb spider is severely wounded.
You eat one of the 25 rations.
That ration really hit the spot!
The orb spider weaves a glowing orb of energy.
The wavering orb of destruction weakly hits you!
You die...

#.........####†##....%....#
#........## ##†......#s.s#
.#......## #.......# ...
.##...### ##.s.##.## .
.###..## #..## ...
####...## ##..^#.#.s.
###..#..# ##.###.# s....
##..###.### #....^#.#.....
...####...##..#.@..#.# ....
..###..####..####s.# #
##....## ##. ### ###....##
# #.....## ##.....#
#^......# # #........# #
#.........#


You could see an orb spider.

Vanquished Creatures
  Rupert (Spider:1)
  Agnes (Spider:2)
  2 emperor scorpions
  2 two-headed ogres
  The ghost of Autsider the Skirmisher, a novice FoAK of Lugonu (D:8)
  5 orb spiders
  7 wolf spiders
  A black mamba (Lair:2)
  A merfolk siren (Lair:2)
  A spiny frog (Lair:2)
  The ghost of Autsider the Skirmisher, a novice FoAK of Lugonu (D:4)
  A torpor snail (Spider:2)
  6 demonic crawlers
  A komodo dragon (Lair:2)
  9 jumping spiders
  2 trolls (D:9)
  2 hornets
  Grinder (D:4)
  2 merfolk (Lair:2)
  4 hippogriffs
  3 blink frogs (Lair:2)
  25 redbacks
  A spriggan (D:9)
  4 tarantellas
  4 basilisks
  A yak (D:9)
  Menkaure (D:6)
  A hungry ghost (D:9)
  4 water moccasins
  A sky beast (D:6)
  6 porcupines
  2 orc warriors
  3 ice beasts
  2 phantoms
  A necrophage (D:8)
  9 wolves (Lair:2)
  3 ogres
  2 centaurs
  5 crocodiles
  8 bullfrogs
  2 scorpions
  6 killer bees
  3 howler monkeys
  5 crimson imps
  A centaur zombie (D:9)
  2 jellies
  A hound (D:5)
  5 orc priests
  An iguana (D:4)
  5 orc wizards
  14 worker ants
  A hound zombie (D:8)
  3 hound skeletons
  4 mummies (Ossuary)
  A worker ant zombie (D:2)
  10 gnolls
  2 river rats (D:5)
  12 adders
  2 shadow imps
  2 adder zombies
  5 adder skeletons
  3 worms
  6 leopard geckos
  29 orcs
  A bat skeleton (D:2)
  7 giant cockroaches
  3 gnoll zombies (Ossuary)
  9 goblins
  8 hobgoblins
  10 jackals
  4 quokkas
  3 ball pythons
  7 bats
  5 frilled lizards
  A giant cockroach zombie (D:6)
  6 gnoll skeletons (Ossuary)
  A goblin skeleton (Ossuary)
  2 goblin zombies (Ossuary)
  2 hobgoblin skeletons (Ossuary)
  A hobgoblin zombie (Ossuary)
  2 jackal zombies
  12 kobolds
  4 kobold skeletons (Ossuary)
  3 kobold zombies (Ossuary)
  A leopard gecko skeleton (D:8)
  A leopard gecko zombie (D:2)
  2 orc skeletons (Ossuary)
  An orc zombie (Ossuary)
  12 rats
  3 rat skeletons (Ossuary)
  A butterfly (Lair:1)
  2 fungi (Lair:2)
376 creatures vanquished.

Vanquished Creatures (collateral kills)
  Erolcha (D:9)
  A merfolk (Lair:2)
  A black bear (D:9)
3 creatures vanquished.

Vanquished Creatures (others)
  2 gnoll skeletons (Ossuary)
  2 gnoll zombies (Ossuary)
  3 goblin zombies (Ossuary)
  2 hobgoblin zombies (Ossuary)
  2 kobold skeletons (Ossuary)
  A kobold zombie (Ossuary)
  An orc skeleton (Ossuary)
  2 orc zombies (Ossuary)
  2 rat skeletons (Ossuary)
  5 rat zombies (Ossuary)
  A plant (Lair:2)
23 creatures vanquished.

Grand Total: 402 creatures vanquished

Notes
Turn   | Place    | Note
-------+----------+-------------------------------------------
     0 | D:1      | Solrac the Minotaur Berserker began the quest for the Orb.
     0 | D:1      | Reached XP level 1. HP: 19/19 MP: 0/0
   211 | D:1      | Reached XP level 2. HP: 23/26 MP: 1/1
   403 | D:1      | Reached skill level 5 in Maces & Flails
   686 | D:1      | Reached XP level 3. HP: 31/31 MP: 2/2
  1216 | D:2      | Reached ** piety under Trog
  1436 | D:2      | Found a glowing golden altar of the Shining One.
  1642 | D:2      | Reached XP level 4. HP: 38/39 MP: 3/3
  1752 | D:2      | Found a white marble altar of Elyvilon.
  1807 | D:2      | HP: 1/39 [gnoll/halberd (7)]
  2538 | D:3      | Reached XP level 5. HP: 42/45 MP: 4/4
  2581 | D:3      | Found a hazy altar of Hepliaklqana.
  2581 | D:3      | Found a deep blue altar of Sif Muna.
  2884 | D:3      | Noticed an orc warrior
  2950 | D:3      | Killed an orc warrior
  2950 | D:3      | Reached XP level 6. HP: 42/51 MP: 5/5
  3609 | D:4      | Found a staircase to the Ecumenical Temple.
  3610 | D:4      | Noticed Grinder
  3624 | D:4      | Killed Grinder
  3624 | D:4      | Reached XP level 7. HP: 52/57 MP: 6/6
  3740 | D:4      | Reached skill level 10 in Maces & Flails
  3754 | D:4      | Reached *** piety under Trog
  3874 | D:4      | Found a shattered altar of Ashenzari.
  3876 | D:4      | Noticed Autsider's ghost (novice FoAK)
  4091 | D:4      | Found a basalt altar of Yredelemnul.
  4094 | D:4      | Found a hide-covered altar of Uskayaw.
  4097 | D:4      | Found a bloodstained altar of Trog.
  4100 | D:4      | Found an iron altar of Okawaru.
  4168 | D:4      | Found a shadowy altar of Dithmenos.
  4213 | D:4      | Found an ancient bone altar of Kikubaaqudgha.
  4213 | D:4      | Found a blossoming altar of Fedhas.
  4520 | D:4      | Killed Autsider's ghost
  4520 | D:4      | Reached XP level 8. HP: 43/64 MP: 7/7
  4905 | D:5      | Entered Level 5 of the Dungeon
  5219 | D:5      | Found a glowing drain.
  5224 | D:5      | Reached **** piety under Trog
  5236 | Sewer    | Entered a sewer
  5996 | D:6      | Noticed Menkaure
  6006 | D:6      | Killed Menkaure
  6006 | D:6      | Reached XP level 9. HP: 24/70 MP: 8/8
  7110 | D:6      | Found an iron altar of Okawaru.
  7238 | D:6      | Reached skill level 5 in Fighting
  8207 | D:7      | Reached ***** piety under Trog
  8427 | D:8      | Noticed Autsider's ghost (novice FoAK)
  8429 | D:8      | Noticed a two-headed ogre
  8454 | D:8      | Killed Autsider's ghost
  8454 | D:8      | Reached skill level 5 in Armour
  8461 | D:8      | Killed a two-headed ogre
  8461 | D:8      | Reached skill level 5 in Dodging
  8461 | D:8      | Reached XP level 10. HP: 80/88 MP: 9/9
  8528 | D:8      | Got a steaming morningstar
  8564 | D:8      | Found a sand-covered staircase.
  8571 | Ossuary  | Entered an ossuary
  9318 | D:9      | Found a staircase to the Lair.
  9343 | D:9      | Received a gift from Trog
  9399 | D:9      | Noticed Erolcha
  9403 | D:9      | Killed Erolcha
  9515 | D:9      | Reached skill level 10 in Fighting
  9994 | D:9      | Found an opulent altar of Gozag.
 10212 | D:9      | Noticed a two-headed ogre
 10222 | D:9      | Killed a two-headed ogre
 10464 | D:9      | Received a gift from Trog
 10470 | D:9      | Identified the +9 morningstar "Dampok" {venom, Int+4} (You found it on level 8 of the Dungeon)
 10520 | D:9      | Found Sucekaum's Assorted Antiques.
 10525 | D:9      | Bought a scroll of identify for 38 gold pieces
 10546 | D:9      | Bought a ring of strength for 38 gold pieces
 10603 | D:9      | Found a radiant altar of Vehumet.
 10605 | D:9      | Reached XP level 11. HP: 101/101 MP: 10/10
 10752 | Lair:1   | Entered Level 1 of the Lair of Beasts
 11760 | Lair:2   | Noticed a wolf spider
 11767 | Lair:2   | Killed a wolf spider
 11769 | Lair:2   | Found a hole to the Spider Nest.
 11936 | Lair:2   | Found a staircase to the Shoals.
 11945 | Lair:2   | Received a gift from Trog
 12710 | Spider:1 | Entered Level 1 of the Spider Nest
 13068 | Spider:1 | Noticed a wolf spider
 13075 | Spider:1 | Killed a wolf spider
 13075 | Spider:1 | Reached XP level 12. HP: 90/115 MP: 11/11
 13828 | Spider:1 | Noticed Rupert
 13872 | Spider:1 | Paralysed by Rupert for 5 turns
 13878 | Spider:1 | Paralysed by Rupert for 4 turns
 13892 | Spider:1 | Killed Rupert
 13892 | Spider:1 | Reached skill level 15 in Maces & Flails
 13892 | Spider:1 | Reached skill level 10 in Armour
 14512 | Spider:1 | Noticed an emperor scorpion
 14544 | Spider:1 | Killed an emperor scorpion
 15287 | Spider:2 | Noticed Agnes
 15302 | Spider:2 | Killed Agnes
 15302 | Spider:2 | Reached skill level 10 in Dodging
 15412 | Spider:2 | Reached XP level 13. HP: 109/125 MP: 12/12
 15863 | Spider:2 | Noticed an emperor scorpion
 15883 | Spider:2 | Killed an emperor scorpion
 15883 | Spider:2 | Reached skill level 15 in Fighting
 15941 | Spider:2 | Blown up by an orb spider

Skill      XL: |  1  2  3  4  5  6  7  8  9 10 11 12 13 |
---------------+----------------------------------------+-----
Maces & Flails | 4 5 6 8 9 11 13 14 15 | 15.8
Fighting       | 8 10 13 14 15 | 15.2
Armour         | 5 7 9 10 11 | 11.2
Dodging        | 5 7 8 10 | 10.4

Action                   |  1- 3 |  4- 6 |  7- 9 | 10-12 | 13-15 || total
-------------------------+-------+-------+-------+-------+-------++-------
Melee: Mace              |    90 |    14 |       |       |       ||   104
       Headbutt          |    11 |    14 |    84 |   107 |    13 ||   229
       Whip              |       |    87 |   404 |   247 |       ||   738
       Morningstar       |       |       |       |   250 |    62 ||   312
Invok: Berserk           |       |     1 |     3 |     5 |     1 ||    10
       Trog's Hand       |       |       |     1 |       |       ||     1
       Burn Spellbooks   |       |       |     1 |     5 |       ||     6
       Brothers in Arms  |       |       |     1 |     5 |       ||     6
  Use: Scroll            |       |     8 |     5 |     8 |       ||    21
       Potion            |       |       |       |     1 |     4 ||     5
  Eat: Chunk             |     2 |     7 |    14 |    15 |       ||    38
       Ration            |       |       |     1 |     5 |     1 ||     7
Armor: Animal skin       |    13 |    13 |       |       |       ||    26
       Chain mail        |       |     1 |       |       |       ||     1
       Plate armour      |       |     9 |   105 |   208 |    51 ||   373
Dodge: Dodged            |    67 |    42 |   129 |   250 |    77 ||   565
